Map: Tugurios tóxicos

Players

MrFercho

  • Race: Zerg Zerg
  • League: Gold
  • Spawn Location: 5:00

TATORREA

  • Race: Protoss Protoss
  • League: Gold
  • Spawn Location: 3:00

tigro

  • Race: Terran Terran
  • League: Bronze
  • Spawn Location: 9:00

IA (Fácil)

  • Race: Zerg Zerg
  • Spawn Location: 3:00

IA (Fácil)

  • Race: Protoss Protoss
  • Spawn Location: 6:00

IA (Fácil)

  • Race: Zerg Zerg
  • Spawn Location: 12:00

IA (Fácil)

  • Race: Terran Terran
  • Spawn Location: 7:00

IA (Fácil)

  • Race: Terran Terran
  • Spawn Location: 11:00

VOD

Have the link to the VOD?

Description

Time

  • Played on: Aug. 4, 2020, 9:51 p.m.
  • Length: 25:24
Show
View Real Time Build Order
Export as new Build Order

MrFercho Zerg 

Build Orders: Pool First 

Get SALT Encoding   

  12  0:22  Spawning Pool  
  12  0:23  Drone  
  12  0:27  Drone  
  13  0:36  Overlord  
  13  0:41  Drone  
  14  0:59  Drone x2  
  16  1:10  Zergling x2  
  17  1:14  Queen  
  19  1:19  Zergling x2  
  20  1:28  Zergling x2  
  21  1:55  Hatchery  
  21  2:01  Drone x2  
  22  2:03  Overlord  
  21  2:26  Zergling x4  
  23  2:33  Extractor  
  20  2:46  Queen  
  22  3:00  Drone x4  
  25  3:23  Drone x4  
  28  3:30  Drone x2  
  28  3:32  Queen  
  28  3:33  Drone  
  33  3:49  Roach Warren, Drone x2  
  33  3:50  Drone  
  33  3:52  Drone  
  36  4:05  Overlord  
  36  4:06  Overlord  
  36  4:25  Zergling x2  
  36  4:26  Zergling x6  
  36  4:27  Metabolic Boost  
  40  4:46  Hatchery  
  39  4:56  Hatchery, Drone  
  39  4:57  Drone  
  39  4:58  Drone x3  
  43  5:00  Drone  
  43  5:03  Lair, Extractor  
  43  5:10  Drone x2  
  43  5:11  Drone x4  
  49  5:48  Extractor  
  49  5:49  Extractor  
  47  5:50  Drone x3  
  47  5:52  Drone x2  
  51  6:04  Roach x3  
  51  6:05  Roach  
  51  6:07  Overlord x3  
  51  6:08  Overlord  
  56  6:12  Spine Crawler  
  56  6:14  Spine Crawler  
  56  6:17  Roach x5  
  64  6:28  Zergling x12  
  70  6:37  Overlord  
  70  6:38  Overlord  
  68  6:45  Queen x2  
  71  7:09  Overlord x2, Roach x7  
  71  7:10  Overlord  
  85  7:16  Glial Reconstitution  
  85  7:21  Hydralisk Den  
  84  7:25  Evolution Chamber  
  81  7:59  Baneling Nest  
  81  8:00  Drone  
  81  8:02  Drone  
  81  8:03  Drone x2  
  84  8:06  Drone  
  84  8:09  Muscular Augments  
  85  8:14  Infestation Pit  
  85  8:15  Zerg Missile Weapons Level 1  
  84  8:22  Drone  
  84  8:23  Evolution Chamber, Drone  
  84  8:24  Drone  
  86  8:42  Overseer  
  86  8:43  Overseer  
  86  8:46  Pneumatized Carapace  
  86  9:20  Grooved Spines  
  86  9:22  Overlord  
  86  9:23  Overlord x2  
  86  9:26  Drone x3  
  89  9:41  Centrifical Hooks  
  89  9:46  Hive  
  89  9:48  Hatchery, Zerg Ground Armor Level 1  
  89  9:52  Tunneling Claws  
  88  9:54  Neural Parasite, Spire  
  87  10:05  Spore Crawler  
  86  10:07  Spore Crawler  
  86  10:13  Spore Crawler  
  84  10:15  Spine Crawler  
  84  10:19  Spine Crawler  
  81  10:50  Drone x7  
  81  10:51  Drone  
  81  10:52  Drone  
  81  10:53  Drone x3  
  81  10:54  Drone  
  94  11:05  Drone x4  
  94  11:09  Drone x4  
  94  11:10  Drone x2  
  104  11:13  Pathogen Glands  
  104  11:19  Ravager x4  
  108  11:30  Hydralisk  
  108  11:31  Hydralisk x14  
  138  11:49  Lurker Den  
  134  12:03  Hatchery  
  133  12:11  Hatchery  
  132  12:16  Drone x8  
  132  12:19  Extractor  
  132  12:20  Extractor  
  138  12:49  Spine Crawler  
  137  13:06  Mutalisk x3  
  137  13:07  Mutalisk x5  
  137  13:10  Zerg Flyer Weapons Level 1  
  153  13:25  Drone x2  
  155  13:37  Drone x4  
  155  13:40  Overlord x5  
  159  13:41  Overlord  
  159  14:02  Overlord  
  159  14:03  Overlord  
  159  14:09  Seismic Spines  
  159  14:27  Ultralisk Cavern  
  158  15:04  Drone x6  
  158  15:06  Adaptive Talons  
  164  15:10  Extractor  
  164  15:11  Extractor  
  162  15:20  Drone  
  162  15:21  Drone  
  164  15:29  Hydralisk  
  164  15:30  Hydralisk x17  
  200  15:41  Spore Crawler  
  199  15:43  Spore Crawler  
  199  15:48  Spine Crawler  
  197  15:53  Hatchery  
  197  15:56  Zerg Missile Weapons Level 2, Zerg Ground Armor Level 2  
  196  15:59  Adrenal Glands  
  192  16:18  Spore Crawler  
  191  16:37  Hydralisk  
  191  16:38  Hydralisk x3  
  180  17:22  Zerg Flyer Armor Level 1  
  170  17:36  Drone x2  
  172  17:38  Drone  
  173  17:49  Spore Crawler  
  172  17:51  Spore Crawler  
  172  17:54  Spore Crawler x4  
  172  17:56  Spore Crawler  
  166  17:58  Anabolic Synthesis  
  166  18:01  Evolution Chamber  
  166  18:02  Ultralisk x3  
  166  18:03  Ultralisk  
  189  18:17  Nydus Network  
  188  18:20  Nydus Network  
  188  18:25  Extractor  
  188  18:26  Extractor  
  185  18:41  Chitinous Plating  
  107  19:11  Hydralisk x5  
  107  19:12  Hydralisk x28  
  107  19:13  Hydralisk x2  
  113  19:26  Hydralisk x2  
  113  19:27  Hydralisk x6  
  103  19:51  Lair  
  57  20:06  Mutalisk x5  
  42  20:07  Mutalisk  
  11  21:15  Spawning Pool  
  10  21:19  Drone x3  
  13  22:10  Drone x3  
  16  22:22  Hatchery  
  15  22:28  Drone  
  15  22:29  Queen  
  18  22:32  Drone  
  19  23:01  Drone x2  
  19  23:04  Drone  
  22  23:10  Hive  
  21  24:08  Drone x3  
  24  24:29  Drone  
  24  24:30  Drone x2  
  27  24:31  Drone  
  27  24:35  Drone  
  27  24:36  Drone x2  
  31  24:39  Drone  
  32  24:48  Drone x3  
  33  25:07  Spore Crawler  
  33  25:08  Spore Crawler  
  33  25:09  Spore Crawler x2  
  33  25:10  Spore Crawler x3  
  33  25:11  Spore Crawler x3  
  33  25:13  Spore Crawler x3  
  18  25:14  Spore Crawler  
  18  25:17  Spore Crawler x2  
Show
View Real Time Build Order
Export as new Build Order

TATORREA Protoss 

Build Orders: Carriers 

Get SALT Encoding   

  12  0:03  Probe  
  13  0:16  Probe  
  14  0:27  Pylon  
  14  0:28  Probe  
  15  0:45  Probe  
  16  1:00  Probe (Chrono Boost)  
  17  1:07  Gateway  
  17  1:08  Gateway  
  18  1:11  Probe (Chrono Boost)  
  18  1:16  Probe (Chrono Boost)  
  19  1:18  Pylon  
  19  1:20  Assimilator  
  19  1:26  Probe  
  20  1:38  Pylon, Probe  
  21  1:41  Assimilator  
  21  1:50  Probe  
  22  1:58  Cybernetics Core  
  22  2:02  Probe  
  23  2:08  Pylon, Zealot  
  23  2:12  Zealot  
  23  2:14  Probe  
  27  2:42  Warp Gate  
  27  2:43  Adept x2 (Chrono Boost)  
  31  2:52  Probe  
  31  3:18  Nexus  
  31  3:20  Pylon  
  31  3:22  Pylon  
  31  3:31  Adept (Chrono Boost)  
  29  3:40  Adept (Chrono Boost)  
  27  3:49  Probe  
  28  3:56  Stargate  
  28  3:59  Robotics Facility  
  28  4:01  Probe  
  27  4:32  Stalker x2  
  27  4:34  Probe (Chrono Boost)  
  27  4:35  Probe (Chrono Boost)  
  31  4:40  Void Ray  
  37  4:45  Probe x2 (Chrono Boost)  
  37  4:51  Immortal  
  37  4:52  Probe  
  41  4:58  Probe  
  43  5:04  Probe  
  44  5:10  Probe  
  45  5:31  Immortal  
  49  6:05  Stalker x2  
  49  6:07  Void Ray  
  61  6:11  Immortal  
  61  6:31  Stalker x2  
  64  6:32  Probe  
  64  6:33  Probe  
  65  6:45  Probe x2  
  67  6:50  Void Ray  
  71  6:57  Probe x2  
  73  7:03  Stalker  
  73  7:04  Stalker  
  77  7:09  Probe  
  77  7:15  Assimilator  
  78  7:19  Assimilator  
  78  7:23  Pylon  
  78  7:28  Pylon  
  78  7:30  Pylon  
  78  7:34  Nexus  
  78  7:37  Pylon  
  78  7:39  Pylon  
  78  7:41  Probe x2  
  78  7:42  Immortal  
  84  7:56  Stalker x2  
  84  7:57  Probe x2  
  90  8:09  Probe x2  
  92  8:16  Fleet Beacon  
  92  8:18  Robotics Bay  
  92  8:21  Probe  
  93  8:32  Forge  
  93  8:34  Forge x2, Cybernetics Core  
  93  8:36  Probe  
  94  8:43  Probe  
  99  8:49  Probe  
  99  8:50  Assimilator  
  99  8:52  Immortal  
  99  8:53  Assimilator  
  99  8:55  Probe  
  105  9:00  Zealot x2  
  109  9:06  Protoss Shields Level 1 (Chrono Boost)  
  109  9:09  Void Ray  
  109  9:12  Protoss Ground Armor Level 1 (Chrono Boost), Protoss Ground Weapons Level 1 (Chrono Boost)  
  109  9:21  Unknown  
  109  9:30  Probe x2  
  109  9:31  Probe  
  112  9:42  Probe  
  112  9:43  Probe x2  
  115  9:52  Void Ray  
  119  10:10  Probe  
  120  10:17  Colossus  
  120  10:19  Extended Thermal Lance  
  126  10:28  Twilight Council  
  126  10:32  Pylon  
  126  10:37  Pylon  
  126  10:38  Probe x3  
  126  10:41  Pylon  
  129  10:46  Pylon  
  129  10:50  Probe x3  
  129  10:52  Pylon  
  132  10:58  Pylon  
  132  11:14  Protoss Shields Level 2, Protoss Ground Armor Level 2, Protoss Ground Weapons Level 2  
  132  11:17  Void Ray  
  136  11:19  Protoss Air Weapons Level 1 (Chrono Boost), Protoss Air Armor Level 1 (Chrono Boost), Immortal  
  140  11:30  Probe x3  
  143  11:34  Nexus  
  143  11:37  Pylon  
  143  11:38  Pylon  
  143  11:42  Probe x3  
  143  11:43  Pylon  
  143  11:46  Pylon  
  146  11:51  Pylon x2  
  146  12:07  Gateway  
  146  12:08  Probe x3  
  148  12:10  Gateway  
  148  12:13  Gateway  
  149  12:16  Gateway  
  149  12:20  Probe x2  
  149  12:22  Gateway  
  151  12:24  Gateway  
  151  12:29  Stalker x2  
  155  12:30  Stargate  
  155  12:32  Void Ray, Stargate  
  155  12:33  Colossus  
  155  12:36  Gravitic Boosters  
  149  13:22  Probe x2  
  149  13:23  Probe x2  
  153  13:27  Assimilator, Observer  
  153  13:31  Assimilator  
  154  13:34  Gateway, Probe  
  154  13:37  Gateway  
  154  13:40  Gateway  
  154  13:41  Carrier x3  
  167  13:42  Gateway  
  167  13:44  Gateway  
  167  13:46  Protoss Ground Weapons Level 3 (Chrono Boost), Protoss Ground Armor Level 3 (Chrono Boost)  
  167  13:47  Gateway  
  173  13:50  Protoss Air Weapons Level 2 (Chrono Boost)  
  173  13:51  Protoss Air Armor Level 2 (Chrono Boost)  
  173  13:57  Protoss Shields Level 3 (Chrono Boost)  
  173  14:22  Nexus  
  173  14:24  Pylon  
  173  14:25  Pylon  
  173  14:37  Gateway  
  173  14:39  Gateway  
  173  14:41  Templar Archives  
  173  14:43  Gateway  
  173  14:56  Assimilator, Carrier x2  
  173  14:57  Carrier  
  191  15:02  Assimilator  
  191  15:03  Colossus  
  197  15:09  Nexus  
  197  15:10  Pylon  
  197  15:12  Gravitic Drive  
  197  15:13  Pylon  
  197  16:35  Psionic Storm  
  197  16:40  Charge (Chrono Boost)  
  197  16:50  Assimilator  
  197  16:54  Assimilator  
  195  16:55  Protoss Air Weapons Level 3 (Chrono Boost)  
  195  16:56  Protoss Air Armor Level 3 (Chrono Boost)  
  179  17:27  Probe x4  
  179  17:28  Probe  
  184  17:30  Probe  
  185  17:39  Probe x4  
  185  17:40  Probe  
  185  17:42  Probe  
  191  17:56  Zealot  
  191  17:57  Zealot x3  
  199  18:14  Blink (Chrono Boost)  
  182  19:58  Zealot  
  182  19:59  Zealot x4  
  192  20:00  Zealot x4  
  200  20:11  Resonating Glaives  
  198  20:50  Zealot  
  152  22:41  Nexus  
  152  22:49  Pylon, Zealot x5  
  152  22:50  Zealot x5  
  172  22:51  Pylon, Zealot x2  
  172  22:52  Zealot x4  
  172  22:53  Zealot  
  186  23:14  Carrier x2  
  164  24:32  Zealot  
  164  24:33  Zealot x4  
  164  24:34  Zealot  
Show
View Real Time Build Order
Export as new Build Order

tigro Terran 

Build Orders:  

Get SALT Encoding   

  12  0:18  SCV  
  13  0:24  Supply Depot  
  13  0:31  SCV  
  14  0:43  SCV  
  15  0:54  Barracks  
  15  0:55  SCV  
  16  1:00  Refinery  
  16  1:07  SCV  
  17  1:15  Supply Depot  
  17  1:19  SCV  
  18  1:31  SCV  
  19  1:43  Marine, SCV  
  19  1:45  Refinery  
  21  1:55  SCV  
  21  2:00  Marine  
  23  2:07  SCV  
  24  2:11  Factory  
  24  2:18  Marine  
  24  2:19  SCV  
  26  2:30  Engineering Bay  
  26  2:36  Marine  
  27  2:45  Orbital Command  
  27  2:54  Marine  
  27  2:56  Factory Tech Lab  
  28  3:03  Terran Infantry Weapons Level 1  
  28  3:26  Siege Tank  
  31  3:28  Command Center, Barracks Tech Lab  
  31  3:50  Combat Shield  
  31  3:58  Siege Tank  
  31  4:02  Missile Turret  
  34  4:26  Missile Turret  
  34  4:41  Refinery  
  34  4:43  Marine  
  35  4:52  Missile Turret  
  35  4:58  Terran Infantry Armor Level 1  
  35  5:01  Marine  
  36  5:07  SCV  
  36  5:09  Stimpack  
  37  5:19  Marine, SCV  
  39  5:22  Missile Turret  
  39  5:31  SCV  
  40  5:37  Marine  
  40  5:38  Starport  
  41  5:43  SCV  
  42  5:52  Refinery  
  42  5:55  Marine, SCV  
  44  6:07  SCV  
  44  6:11  Siege Tank  
  48  6:12  Marine  
  48  6:17  Armory  
  49  6:19  SCV  
  49  6:23  Medivac  
  52  6:30  Marine  
  52  6:32  SCV  
  54  6:43  Supply Depot  
  54  6:44  SCV  
  55  6:48  Marine  
  55  6:52  Neosteel Armor  
  56  6:56  SCV  
  57  7:06  Supply Depot, Marine  
  57  7:08  SCV  
  47  7:24  Marine  
  47  7:29  Supply Depot  
  46  7:41  Marine, Starport Tech Lab  
  47  7:57  Barracks  
  47  7:59  Marine  
  47  8:05  Fusion Core  
  48  8:13  Thor  
  48  8:17  Marine  
  55  8:32  Hi-Sec Auto Tracking  
  55  8:35  Marine  
  56  8:53  Barracks Reactor, Marine  
  57  8:56  Thor  
  63  9:03  Command Center, Terran Vehicle Weapons Level 1  
  63  9:11  Marine  
  63  9:13  SCV  
  65  9:23  Weapon Refit  
  65  9:25  SCV  
  65  9:28  Terran Infantry Weapons Level 2, Marine  
  67  9:37  SCV  
  68  9:39  Thor  
  68  9:42  Refinery  
  74  9:49  SCV  
  75  9:59  Missile Turret  
  75  10:01  SCV  
  76  10:18  Refinery  
  76  10:22  Thor  
  76  10:25  Missile Turret  
  76  10:27  SCV  
  83  10:39  Battlecruiser, SCV  
  90  10:51  SCV  
  90  10:52  Missile Turret  
  90  10:53  Marine x3  
  94  10:57  Terran Ship Weapons Level 1  
  94  11:03  Rapid Reignition System, SCV  
  95  11:05  Siege Tank  
  95  11:11  Marine x3  
  99  11:15  Missile Turret  
  101  11:27  SCV  
  101  11:28  Marine  
  101  11:29  Marine x2  
  104  11:43  Battlecruiser  
  104  11:44  Terran Infantry Armor Level 2  
  104  11:46  Marine x3  
  113  12:04  Marine  
  113  12:20  Planetary Fortress  
  112  12:25  Marine  
  112  12:26  Marine x2  
  115  12:43  Marine x2  
  117  12:52  Terran Vehicle And Ship Armor Level 1  
  117  13:04  Supply Depot  
  117  13:08  Marine x2  
  117  13:09  Marine  
  117  13:11  Battlecruiser  
  120  13:25  Thor, Marine  
  120  13:26  Marine  
  128  13:27  Supply Depot, Marine  
  129  13:45  Marine  
  130  14:00  Terran Infantry Weapons Level 3  
  130  14:03  Marine  
  130  14:08  Thor  
  137  14:10  Command Center  
  137  14:24  Battlecruiser  
  143  14:50  Thor  
  149  15:22  Planetary Fortress  
  149  15:29  Battlecruiser  
  155  16:32  Thor  
  161  16:43  SCV  
  162  16:55  SCV  
  162  16:57  Missile Turret  
  163  17:07  SCV  
  164  17:16  Thor  
  164  17:18  Missile Turret  
  164  17:19  SCV  
  171  17:31  SCV  
  172  17:37  Missile Turret  
  172  18:03  Missile Turret  
  171  18:22  Missile Turret  
  171  18:43  Missile Turret  
  171  18:44  Thor  
  171  18:59  Battlecruiser  
  161  19:04  Missile Turret  
  113  19:27  Thor  
  119  19:38  Missile Turret  
  119  19:41  SCV  
  120  19:45  Refinery  
  120  19:49  Refinery  
  120  19:53  SCV  
  120  19:56  Missile Turret  
  121  20:01  Missile Turret  
  121  20:03  Battlecruiser  
  121  20:05  SCV  
  128  20:10  Thor  
  134  20:16  Missile Turret  
  134  20:17  SCV  
  135  20:29  SCV  
  135  20:33  Terran Vehicle Weapons Level 2, Missile Turret  
  135  20:34  Starport  
  136  20:35  Terran Infantry Armor Level 3  
  136  20:37  Missile Turret  
  136  20:53  Thor  
  136  20:54  Missile Turret  
  136  20:57  Missile Turret  
  142  21:08  Battlecruiser  
  148  21:14  Missile Turret  
  148  21:17  Missile Turret  
  148  21:24  Command Center  
  148  21:31  Refinery  
  145  21:36  Thor  
  145  21:37  Missile Turret  
  121  21:45  Marine x3  
  80  21:59  Missile Turret  
  70  22:03  Marine x3  
  70  22:06  Starport Tech Lab  
  73  22:12  Battlecruiser  
  79  22:18  Thor  
  79  22:21  Marine x3, Missile Turret  
  80  22:38  Marine  
  80  22:39  Marine x2  
  80  22:42  Missile Turret  
  83  22:48  Terran Vehicle And Ship Armor Level 2  
  89  22:56  Marine x2  
  89  22:57  Medivac, Marine  
  88  23:01  Thor  
  94  23:14  Marine x3  
  94  23:16  Battlecruiser  
  103  23:27  Battlecruiser  
  103  23:32  Marine x3  
  79  23:44  Thor  
  85  23:50  Marine  
  78  24:01  Marine  
  72  24:04  Marine  
  72  24:08  Marine  
  61  24:14  Missile Turret  
  50  24:22  Marine  
  55  24:26  Marine  
  62  24:39  Refinery  
  62  24:43  Marine  
  64  24:52  Barracks  
  63  25:01  Marine  
Show
View Real Time Build Order
Export as new Build Order

IA (Fácil) Zerg 

Build Orders: Pool First 

Get SALT Encoding   

  12  0:01  Drone  
  13  0:12  Overlord  
  13  0:17  Drone  
  14  0:30  Drone  
  14  0:34  Drone  
  16  0:44  Spawning Pool  
  16  0:45  Extractor  
  16  0:46  Drone  
  15  0:51  Drone  
  16  0:58  Overlord  
  16  1:30  Queen  
  16  1:31  Zergling x2  
  19  1:34  Roach Warren  
  19  1:35  Extractor  
  19  1:36  Drone  
  18  1:42  Drone  
  18  1:43  Zergling x2  
  20  2:03  Overlord  
  20  2:13  Roach  
  22  2:16  Drone  
  23  2:25  Drone  
  24  2:35  Roach  
  26  2:37  Drone  
  26  2:41  Drone  
  28  2:45  Drone  
  28  2:48  Roach  
  31  2:57  Overlord  
  31  3:09  Drone  
  32  4:00  Zergling x2  
  32  5:16  Lair, Drone  
  32  5:17  Overlord, Roach  
  36  5:21  Drone  
  36  5:25  Drone  
  36  5:30  Drone  
  36  5:34  Zergling x2  
  31  5:52  Roach  
  33  6:09  Roach  
  35  6:14  Overseer  
  35  6:15  Overseer  
  35  6:17  Hydralisk Den  
  34  6:26  Roach  
  36  6:43  Hatchery  
  36  6:45  Drone  
  36  6:46  Hydralisk  
  38  7:03  Hydralisk  
  40  7:56  Drone  
  41  8:01  Drone  
  42  8:06  Drone  
  42  8:09  Extractor  
  42  8:10  Drone  
  43  8:13  Extractor  
  43  8:14  Drone  
  43  8:19  Drone  
  44  8:23  Drone  
  45  8:29  Drone  
  45  8:33  Drone  
  47  8:38  Drone  
  48  8:42  Drone  
  48  8:46  Drone  
  50  8:51  Drone  
  50  8:55  Drone  
  52  8:59  Drone  
  52  9:01  Overlord  
  53  9:04  Drone  
  53  9:08  Drone  
  55  9:13  Drone  
  56  9:40  Pneumatized Carapace  
  56  9:41  Overseer, Roach  
  56  9:43  Evolution Chamber  
  56  9:44  Drone  
  55  9:51  Hydralisk  
  47  10:04  Zergling x2, Overlord  
  47  10:06  Drone  
  46  10:10  Drone  
  46  10:11  Overseer  
  37  10:15  Roach  
  37  10:16  Drone  
  37  10:20  Drone  
  33  10:25  Drone  
  33  10:26  Roach  
  36  10:29  Drone  
  36  10:34  Drone  
  36  10:35  Overlord  
  37  10:36  Roach  
  37  10:38  Drone  
  40  10:46  Drone  
  40  10:49  Overseer  
  38  10:55  Overseer  
  38  10:56  Hydralisk  
  35  11:05  Overlord  
  35  11:07  Roach  
  32  11:24  Overlord  
Show
View Real Time Build Order
Export as new Build Order

IA (Fácil) Protoss 

Build Orders:  

Get SALT Encoding   

  12  0:01  Probe  
  13  0:13  Probe  
  14  0:20  Pylon  
  14  0:25  Probe  
  15  0:34  Probe  
  16  0:43  Assimilator  
  16  0:51  Gateway  
  16  0:54  Pylon  
  16  1:17  Assimilator  
  16  1:29  Zealot  
  18  1:41  Cybernetics Core  
  18  1:44  Probe  
  19  1:58  Probe  
  19  2:00  Pylon  
  20  2:06  Probe  
  20  2:14  Probe  
  20  2:15  Warp Gate  
  21  2:18  Adept  
  19  2:30  Probe  
  18  2:42  Probe  
  19  2:48  Zealot  
  21  2:55  Probe  
  22  3:07  Probe  
  23  3:15  Stalker  
  23  3:19  Probe  
  24  3:31  Probe  
  25  3:43  Probe  
  25  3:45  Adept  
  28  3:55  Probe  
  29  4:07  Probe  
  30  5:04  Probe  
  30  5:42  Sentry  
  32  5:44  Probe  
  32  5:46  Pylon  
  33  6:04  Probe  
  33  6:06  Stalker  
  33  6:07  Robotics Facility  
  36  6:14  Probe  
  37  6:19  Pylon  
  37  6:22  Probe  
  36  6:30  Stalker  
  31  6:53  Sentry  
  32  6:54  Probe  
  32  6:55  Observer  
  26  7:13  Probe  
  24  7:16  Pylon  
  24  7:17  Stalker  
  24  7:21  Probe  
  25  7:23  Pylon  
  18  7:38  Probe  
  11  7:50  Probe  
  3  8:19  Nexus  
Show
View Real Time Build Order
Export as new Build Order

IA (Fácil) Zerg 

Build Orders: Pool Only 

Get SALT Encoding   

  12  0:01  Drone  
  13  0:12  Overlord  
  13  0:16  Drone  
  14  0:30  Drone  
  14  0:34  Drone  
  16  0:42  Spawning Pool  
  15  0:45  Drone  
  15  0:48  Extractor  
  15  0:51  Drone  
  16  0:58  Overlord  
  16  1:31  Zergling x2, Queen  
  19  1:33  Roach Warren  
  19  1:34  Drone  
  19  1:35  Extractor  
  18  1:42  Zergling x2, Drone  
  20  2:01  Overlord  
  20  2:14  Drone  
  21  2:16  Roach  
  23  2:24  Drone  
  24  2:35  Drone  
  25  2:38  Roach  
  25  2:39  Drone  
  25  2:44  Drone  
  29  2:48  Overlord  
  30  2:58  Drone  
  30  3:09  Roach  
  32  3:24  Zergling x2  
  32  3:29  Drone  
  32  3:34  Drone  
  29  3:36  Roach  
  29  3:42  Drone  
  29  3:47  Drone  
  31  3:51  Drone  
  32  4:03  Zergling x2  
  32  4:16  Zergling x2  
  32  5:02  Drone  
  32  5:11  Lair  
  32  5:12  Drone  
  32  5:13  Roach  
  32  5:14  Overlord  
  35  5:16  Drone  
  35  5:20  Drone  
  35  5:25  Drone  
  36  5:32  Zergling x2  
  29  5:51  Zergling x2  
  29  5:54  Overlord  
  27  6:05  Zergling x2  
  27  6:10  Queen  
  27  6:11  Overseer x2  
  29  6:12  Hydralisk Den  
  29  6:13  Overlord  
  29  6:14  Drone  
  29  6:20  Zergling x2  
  29  6:36  Spawning Pool, Overseer  
  26  6:59  Overseer  
  12  7:09  Overseer  
Show
View Real Time Build Order
Export as new Build Order

IA (Fácil) Terran 

Build Orders:  

Get SALT Encoding   

  12  0:01  SCV  
  13  0:13  SCV  
  14  0:19  Supply Depot  
  14  0:25  SCV  
  15  0:40  SCV  
  15  0:42  Barracks  
  16  0:46  Refinery  
  16  1:08  Supply Depot  
  16  1:19  Refinery  
  16  1:28  Marine  
  16  1:30  Orbital Command  
  17  1:48  Barracks Tech Lab  
  17  2:06  Marine  
  18  2:11  Supply Depot  
  18  2:13  SCV  
  19  2:25  SCV  
  20  2:31  Marine  
  21  2:38  SCV  
  22  2:50  SCV  
  23  2:58  Marauder  
  25  3:02  SCV  
  26  3:14  SCV  
  27  3:23  Marine  
  28  3:49  Marauder  
  30  3:58  SCV  
  30  4:15  Marauder  
  32  4:37  SCV  
  32  6:11  SCV  
  32  7:03  Reaper  
  32  7:06  Supply Depot  
  27  7:17  Factory  
  27  7:24  Command Center  
  27  7:35  Marine  
  24  7:53  Marine  
  25  8:04  Starport  
  25  8:11  Marine  
  26  8:28  Marine  
  27  8:37  SCV  
  28  8:41  SCV  
  28  8:46  Reaper  
  30  8:49  SCV  
  30  8:54  Starport Tech Lab  
  28  8:56  Hellion  
  28  9:01  SCV  
  26  9:07  Supply Depot  
  24  9:13  SCV  
  24  9:15  Raven  
  27  9:17  Hellion  
  29  9:25  SCV  
  29  9:26  Marauder  
  29  9:27  Command Center  
  32  9:37  SCV  
  33  9:47  Marine  
  33  9:48  Command Center  
  33  9:49  SCV  
  35  9:58  Raven  
  37  10:01  SCV  
  37  10:05  Marine  
  37  10:06  Refinery  
  39  10:13  SCV  
  40  10:23  Marine  
  40  10:26  SCV  
  42  10:31  Refinery  
  41  10:38  SCV  
  41  10:40  SCV  
  41  10:41  Marauder  
  43  10:50  Viking, SCV  
  43  10:52  SCV  
  46  11:02  SCV  
  47  11:04  SCV  
  47  11:05  Hellion  
  50  11:14  SCV  
  50  11:16  SCV  
  52  11:19  Marauder  
  54  11:26  SCV  
  54  11:28  SCV  
  56  11:33  Viking  
  56  11:38  SCV  
  59  11:40  SCV  
  60  11:47  Marine  
  60  11:50  SCV  
  60  11:53  SCV  
  44  12:02  SCV  
  44  12:03  Medivac  
  44  12:05  Reaper  
  44  12:06  Engineering Bay  
  44  12:08  Supply Depot  
  45  12:17  Widow Mine  
  42  12:23  SCV  
  31  12:32  Armory  
  31  12:33  Raven, Terran Infantry Weapons Level 1  
  31  12:35  SCV  
  34  12:38  Reaper  
  34  12:40  Factory Tech Lab  
  34  12:48  SCV  
  31  12:58  Siege Tank  
  34  13:00  SCV  
  34  13:04  Supply Depot  
  33  13:11  Marine  
  33  13:12  SCV  
  32  13:16  Medivac  
  34  13:24  SCV  
  35  13:29  Marine  
  35  13:33  Command Center  
  36  13:36  SCV  
  36  13:40  Widow Mine  
  39  13:46  Raven  
  42  13:48  SCV  
  42  13:53  Marine  
  42  13:54  Command Center  
  43  14:00  SCV  
  44  14:11  Marine  
  44  14:12  SCV  
  44  14:14  Refinery  
  46  14:21  Thor  
  52  14:24  SCV  
  52  14:27  Terran Infantry Armor Level 1  
  53  14:34  Marine  
  53  14:36  SCV  
  55  14:49  SCV  
  55  14:51  SCV  
  55  14:52  Marine  
  58  15:01  SCV  
  58  15:03  SCV  
  58  15:07  SCV  
  61  15:13  SCV  
  62  15:15  SCV  
  62  15:19  SCV  
  64  15:25  SCV  
  66  15:28  SCV  
  66  15:33  SCV  
  66  15:37  SCV  
  66  15:41  SCV  
  68  15:45  SCV  
  69  15:50  SCV  
  69  15:54  SCV  
  71  15:58  SCV  
  71  16:03  SCV  
  73  16:07  SCV  
  73  16:11  SCV  
  73  16:16  SCV  
  75  16:20  SCV  
  75  16:24  SCV  
  75  16:25  Hellion  
  79  16:27  Supply Depot  
  79  16:29  SCV  
  79  16:31  Marine  
  81  16:33  SCV  
  81  16:38  SCV  
  83  16:46  Hellion  
  84  16:49  Marine  
  85  16:56  SCV  
  83  17:01  SCV  
  83  17:07  Marine  
  83  17:08  Siege Tank  
  72  17:15  Refinery  
  72  17:16  Medivac  
  59  17:24  Marine, SCV  
  59  17:28  SCV  
  55  17:32  SCV  
  55  17:36  SCV  
  51  17:41  SCV  
  51  17:42  Marine  
  50  17:45  SCV  
  50  17:49  SCV  
  46  17:54  SCV  
  37  18:00  Marine  
  37  18:02  SCV  
  24  18:07  SCV  
  19  18:19  SCV  
Show
View Real Time Build Order
Export as new Build Order

IA (Fácil) Terran 

Build Orders:  

Get SALT Encoding   

  12  0:01  SCV  
  13  0:13  SCV  
  14  0:18  Supply Depot  
  14  0:25  SCV  
  15  0:40  SCV  
  16  0:43  Barracks  
  16  0:46  Refinery  
  16  1:08  Supply Depot  
  16  1:19  Refinery  
  16  1:30  Orbital Command  
  16  1:31  Marine  
  17  1:50  Barracks Tech Lab  
  17  2:08  Marine  
  18  2:12  Supply Depot  
  18  2:13  SCV  
  19  2:25  SCV  
  20  2:32  Marine  
  21  2:37  SCV  
  22  2:49  SCV  
  23  2:57  Marauder  
  25  3:01  SCV  
  26  3:13  SCV  
  27  3:21  Marine  
  28  3:46  Marauder  
  30  4:10  Marauder  
  32  5:03  SCV  
  32  6:31  SCV  
  32  6:54  Reaper  
  33  6:56  Supply Depot, SCV  
  34  7:11  Command Center  
  26  7:23  Factory  
  26  7:25  Supply Depot, Marine  
  25  7:43  Marine  
  25  8:01  Reaper  
  25  8:12  Starport  
  25  8:24  SCV  
  26  8:29  SCV  
  26  8:33  Marine  
  27  8:36  SCV  
  27  8:37  Refinery  
  29  8:41  SCV  
  29  8:44  Refinery  
  29  8:48  SCV, Starport Tech Lab  
  29  8:51  Marine  
  29  8:53  SCV  
  32  9:00  SCV  
  33  9:05  SCV  
  33  9:06  Raven  
  33  9:09  Marine  
  37  9:13  SCV  
  38  9:17  SCV  
  39  9:25  SCV  
  39  9:27  Marauder  
  39  9:29  SCV  
  43  9:37  SCV  
  44  9:41  SCV  
  45  9:48  Marine  
  45  9:49  Raven, SCV  
  49  9:54  SCV  
  50  10:01  SCV  
  50  10:06  Marine, SCV  
  53  10:13  SCV  
  54  10:18  SCV  
  55  10:24  Marauder  
  55  10:25  SCV  
  57  10:30  SCV  
  58  10:37  SCV  
  58  10:42  SCV  
  60  10:45  Marine  
  60  10:49  SCV  
  61  11:55  Medivac  
  61  11:56  Marauder  
  61  11:57  Supply Depot  
  61  11:58  Engineering Bay  
  53  12:17  Marine  
  53  12:22  Supply Depot  
  50  12:25  Medivac  
  50  12:34  Marine  
  44  12:44  Hellion, SCV  
  30  12:53  Marauder  
  30  12:55  Raven  
  30  12:56  SCV  
  31  13:07  Hellion  
  31  13:09  SCV  
  29  13:16  Marauder  
  31  13:21  SCV  
  31  13:25  Command Center  
  29  13:30  Hellion  
  29  13:33  SCV  
  7  13:57  Supply Depot  
  1  14:37  SCV  
  2  14:48  Refinery  
  2  14:49  SCV  
  3  15:01  SCV  
  4  15:13  SCV  
  5  15:25  SCV  
  6  15:38  SCV  
Tags
 
Add a new tag
Caveats
  • Supply blocks, unpowered buildings, or Contaminate may cause inaccurate times.
  • Supply counts are checked every 10 seconds.